AoeStats
← BW962565

Arabia

509644016Analyzed
2v2 RM · 4d ago on Sep 27, 2026· 34m 38s· 4 players
Game mode
Random Map
Map size
Medium (4 player)
Population
200
Speed
Normal
Resources
Standard
Victory
Conquest
Starting age
Dark Age
Ending age
Imperial Age
RankedLock teamsTeams togetherTeam positionsShared explorationLock speedFull tech treeHidden civsTurbo modeCheats
Victory
Defeat
🇨🇦 Georgians · Canada
725
+12
🇨🇦 Cumans · Canada
723
+12
🇺🇸 Georgians · United States
645
-12
🇬🇧 Franks · United Kingdom
627
-12
BW962565
2:01 Loom
10:29 Feudal Age
12:25 Wheelbarrow
11:36 Town Watch
11:52 Double-Bit Axe
17:51 Man-at-Arms
19:48 Scale Mail Armor
19:59 Forging
26:04 Castle Age
27:36 Squires
Cpt. Awesome
1:13 Loom
12:29 Feudal Age
12:58 Double-Bit Axe
12:56 Horse Collar
13:56 Wheelbarrow
13:21 Town Watch
13:37 Stone Mining
19:03 Gold Mining
19:28 Fletching
22:47 Castle Age
22:33 Arson
23:30 Squires
23:38 Scale Barding Armor
23:44 Forging
24:08 Bow Saw
24:44 Stone Shaft Mining
24:40 Heavy Plow
26:03 Husbandry
26:45 Bloodlines
26:36 Light Cavalry
32:26 Murder Holes
chrisbchicken
1:01 Loom
11:43 Feudal Age
12:36 Town Watch
14:13 Bloodlines
14:32 Double-Bit Axe
14:43 Gold Mining
18:28 Wheelbarrow
19:14 Fletching
24:22 Castle Age
22:04 Man-at-Arms
23:36 Scale Barding Armor
23:27 Arson
24:06 Forging
30:13 Capped Ram
32:41 Iron Casting
33:09 Chain Barding Armor
32:53 Padded Archer Armor
33:57 Town Patrol
bones
2:32 Loom
12:51 Feudal Age
13:14 Horse Collar
14:14 Wheelbarrow
13:03 Man-at-Arms
13:29 Arson
15:06 Wheelbarrow
17:24 Scale Mail Armor
18:18 Forging
22:29 Castle Age
22:30 Long Swordsman
23:14 Squires
23:30 Gambesons
24:51 Chain Mail Armor
24:44 Double-Bit Axe
28:43 Hand Cart
30:04 Iron Casting
33:02 Town Watch
33:20 Heavy Plow
33:16 Gold Mining
Connection lost

Rejoining the realm…

Still unreachable

The connection could not be restored.

Session expired

The server has moved on; the page needs a fresh start.